TOP OF THE 1ST |
Biloxi Shuckers batting - Pitching for San Jose Giants : RHP Evan Boy
|
Pitching: RHP Evan Boy
|
|
Batting: RHB Akitada Nishizawa
|
0-0: Ball 1-0: Called Strike 1-1: Ball 2-1: Ball 3-1: Fly out, F7 (Flyball, 7D, EV 103.8 MPH)
|
Batting: LHB Mike Staley
|
0-0: Ground out U3 (Groundball, 3, EV 81.3 MPH)
|
Batting: SHB Jamel Wright
|
0-0: Ball 1-0: Ball 2-0: Swinging Strike 2-1: Foul Ball, location: 2F 2-2: Foul Ball, location: 2F 2-2: Strikes out swinging, 2-3 out at first.
|
Top of the 1st over - 0 runs, 0 hits, 0 errors, 0 left on base; Biloxi 0 - San Jose 0 |
BOTTOM OF THE 1ST |
San Jose Giants batting - Pitching for Biloxi Shuckers : RHP Josh Pelletier
|
Pitching: RHP Josh Pelletier
|
|
Batting: LHB Carey Horncole
|
0-0: Called Strike 0-1: DOUBLE (Groundball, 3L, EV 105.0 MPH)
|
Batting: RHB Yutaka Oki
|
0-0: Ground out 5-3 (Groundball, 56S, EV 86.3 MPH)
|
Batting: LHB Tony Galvan
|
0-0: Ball Carey Horncole steals 3rd base (no throw) 1-0: Ball 2-0: Foul Ball, location: 2F 2-1: Ball 3-1: Swinging Strike 3-2: Foul Ball, location: 2F 3-2: Ground out 4-3 (Groundball, 4S, EV 84.4 MPH) Carey Horncole scores
|
Batting: LHB Fred Arends
|
0-0: Called Strike 0-1: SOLO HOME RUN (Flyball, 7LD, EV 94.4 MPH), Distance : 356 ft
|
Batting: RHB John Shaffer
|
0-0: Called Strike 0-1: Ball 1-1: SINGLE (Flyball, 3D, EV 101.9 MPH)
|
Batting: LHB Terry Ebersole
|
0-0: Ball 1-0: Fly out, F9 (Flyball, 89M, EV 95.0 MPH)
|
Bottom of the 1st over - 2 runs, 3 hits, 0 errors, 1 left on base; Biloxi 0 - San Jose 2 |
TOP OF THE 2ND |
Biloxi Shuckers batting - Pitching for San Jose Giants : RHP Evan Boy
|
Batting: RHB Joe LaDue
|
0-0: Called Strike 0-1: Foul Ball, location: 2F 0-2: Strikes out looking
|
Batting: RHB Eddie McCoy
|
0-0: Ground out U3 (Groundball, 23, EV 80.6 MPH)
|
Batting: RHB Tim Lively
|
0-0: Called Strike 0-1: Ball 1-1: Called Strike 1-2: Strikes out swinging
|
Top of the 2nd over - 0 runs, 0 hits, 0 errors, 0 left on base; Biloxi 0 - San Jose 2 |
BOTTOM OF THE 2ND |
San Jose Giants batting - Pitching for Biloxi Shuckers : RHP Josh Pelletier
|
Batting: RHB Jonathan Reece
|
0-0: Ball 1-0: Foul Ball, location: 2F 1-1: Foul Ball, location: 2F 1-2: Foul Ball, location: 2F 1-2: Strikes out swinging
|
Batting: RHB Jack Toole
|
0-0: SINGLE (Groundball, 6MS, EV 70.0 MPH) (infield hit)
|
Batting: RHB Mike Jones
|
0-0: Called Strike Jack Toole steals 2nd base 0-1: SINGLE (Groundball, 6MD, EV 99.4 MPH) Jack Toole to third
|
Batting: LHB Carey Horncole
|
0-0: Ball 1-0: Ball 2-0: Foul Ball, location: 2F 2-1: Ball 3-1: Foul Ball, location: 2F 3-2: Grounds into double play, 5-4-3 (Groundball, 15, EV 80.6 MPH)
|
Bottom of the 2nd over - 0 runs, 2 hits, 0 errors, 1 left on base; Biloxi 0 - San Jose 2 |
TOP OF THE 3RD |
Biloxi Shuckers batting - Pitching for San Jose Giants : RHP Evan Boy
|
Batting: RHB Nick Spiller
|
0-0: Ball 1-0: Called Strike 1-1: DOUBLE (Line Drive, 78D, EV 100.6 MPH)
|
Batting: RHB Eric Sullivan
|
0-0: 2-RUN HOME RUN (Flyball, 7LD, EV 96.9 MPH), Distance : 355 ft
|
Batting: RHB Jamie Youngs
|
0-0: Foul Ball, location: 2F 0-1: Foul Ball, location: 2F 0-2: Ground out 1-3 (Groundball, 13, EV 67.5 MPH)
|
Batting: RHB Akitada Nishizawa
|
0-0: Called Strike 0-1: Ground out 1-3 (Groundball, 13S, EV 73.1 MPH)
|
Batting: LHB Mike Staley
|
0-0: Swinging Strike 0-1: Ball 1-1: Ball 2-1: Fly out, F7 (Flyball, 7LM, EV 77.5 MPH)
|
Top of the 3rd over - 2 runs, 2 hits, 0 errors, 0 left on base; Biloxi 2 - San Jose 2 |
BOTTOM OF THE 3RD |
San Jose Giants batting - Pitching for Biloxi Shuckers : RHP Josh Pelletier
|
Batting: RHB Yutaka Oki
|
0-0: Called Strike 0-1: Fly out, F9 (Line Drive, 9D, EV 86.9 MPH)
|
Batting: LHB Tony Galvan
|
0-0: Called Strike 0-1: Ball 1-1: Ball 2-1: Ball 3-1: SINGLE (Line Drive, 4D, EV 105.6 MPH)
|
Batting: LHB Fred Arends
|
0-0: Ball 1-0: Called Strike 1-1: Ball 2-1: Swinging Strike 2-2: Ball 3-2: Base on Balls Tony Galvan to second
|
Batting: RHB John Shaffer
|
0-0: Ball 1-0: Ball 2-0: Ball 3-0: Base on Balls Tony Galvan to third Fred Arends to second
|
Batting: LHB Terry Ebersole
|
0-0: Called Strike 0-1: Ball 1-1: Swinging Strike 1-2: Ball 2-2: Ball 3-2: Base on Balls Tony Galvan scores Fred Arends to third John Shaffer to second
|
Batting: RHB Jonathan Reece
|
0-0: Called Strike 0-1: Ball 1-1: Fly out, F6 (Flyball, 6D, EV 91.3 MPH)
|
Batting: RHB Jack Toole
|
0-0: Ball 1-0: Ball 2-0: Foul Ball, location: 2F 2-1: Fly out, F7 (Flyball, 78S, EV 91.9 MPH)
|
Bottom of the 3rd over - 1 run, 1 hit, 0 errors, 3 left on base; Biloxi 2 - San Jose 3 |
TOP OF THE 4TH |
Biloxi Shuckers batting - Pitching for San Jose Giants : RHP Evan Boy
|
Batting: SHB Jamel Wright
|
0-0: Ball 1-0: Ball 2-0: DOUBLE (Flyball, 78D, EV 95.6 MPH)
|
Batting: RHB Joe LaDue
|
0-0: DOUBLE (Line Drive, 5D, EV 97.5 MPH) Jamel Wright scores
|
Batting: RHB Eddie McCoy
|
0-0: Ball 1-0: Ball 2-0: Ball 3-0: Called Strike 3-1: Foul Ball, location: 2F 3-2: Ground out 4-3 (Groundball, 4MD, EV 85.0 MPH) Joe LaDue to third
|
Batting: RHB Tim Lively
|
0-0: Ball 1-0: Called Strike 1-1: Ball 2-1: Foul Ball, location: 2F 2-2: Strikes out swinging
|
Batting: RHB Nick Spiller
|
0-0: Called Strike 0-1: Ball 1-1: Called Strike 1-2: Foul Ball, location: 2F 1-2: Strikes out swinging
|
Top of the 4th over - 1 run, 2 hits, 0 errors, 1 left on base; Biloxi 3 - San Jose 3 |
BOTTOM OF THE 4TH |
San Jose Giants batting - Pitching for Biloxi Shuckers : RHP Josh Pelletier
|
Batting: RHB Mike Jones
|
0-0: Swinging Strike 0-1: Ball 1-1: Foul Ball, location: 2F 1-2: Ball 2-2: Strikes out swinging
|
Batting: LHB Carey Horncole
|
0-0: Ball 1-0: Called Strike 1-1: Ball 2-1: SINGLE (Groundball, 56D, EV 105.6 MPH)
|
Batting: RHB Yutaka Oki
|
0-0: Ball Carey Horncole is caught stealing 2nd base 2-4 1-0: Ground out 5-3 (Groundball, 56S, EV 64.4 MPH)
|
Bottom of the 4th over - 0 runs, 1 hit, 0 errors, 0 left on base; Biloxi 3 - San Jose 3 |
TOP OF THE 5TH |
Biloxi Shuckers batting - Pitching for San Jose Giants : RHP Evan Boy
|
Batting: RHB Eric Sullivan
|
0-0: Ball 1-0: Foul Ball, location: 2F 1-1: Foul Ball, location: 2F 1-2: Ground out 4-3 (Groundball, 4M, EV 80.6 MPH)
|
Batting: RHB Jamie Youngs
|
0-0: Called Strike 0-1: Foul Ball, location: 2F 0-2: Ball 1-2: Strikes out swinging
|
Batting: RHB Akitada Nishizawa
|
0-0: Called Strike 0-1: Foul Ball, location: 2F 0-2: Ball 1-2: Ground out 6-3 (Groundball, 6, EV 95.0 MPH)
|
Top of the 5th over - 0 runs, 0 hits, 0 errors, 0 left on base; Biloxi 3 - San Jose 3 |
BOTTOM OF THE 5TH |
San Jose Giants batting - Pitching for Biloxi Shuckers : RHP Josh Pelletier
|
Batting: LHB Tony Galvan
|
0-0: Ball 1-0: Ball 2-0: Foul Ball, location: 2F 2-1: Fly out, F9 (Flyball, 9LM, EV 83.8 MPH)
|
Batting: LHB Fred Arends
|
0-0: Ball 1-0: Ball 2-0: Foul Ball, location: 2F 2-1: Ball 3-1: Called Strike 3-2: Fly out, F4 (Popup, 23, EV 94.4 MPH)
|
Batting: RHB John Shaffer
|
0-0: Called Strike 0-1: SINGLE (Line Drive, 8LS, EV 103.1 MPH)
|
Batting: LHB Terry Ebersole
|
0-0: Ball 1-0: DOUBLE (Flyball, 8LXD, EV 90.6 MPH) John Shaffer to third Runner from 3rd tries for Home, SAFE, throw by CF to trailing runner, SAFE at third!
|
Batting: RHB Jonathan Reece
|
0-0: Foul Ball, location: 2F 0-1: SINGLE (Groundball, 56, EV 97.5 MPH) Terry Ebersole scores
|
Pitching: RHP Nick Garland
|
|
Batting: RHB Jack Toole
|
0-0: Called Strike 0-1: Ball Jonathan Reece steals 2nd base 1-1: Ball Jonathan Reece steals 3rd base 2-1: Ball 3-1: Ground out 5-3 (Groundball, 56, EV 83.1 MPH)
|
Bottom of the 5th over - 2 runs, 3 hits, 0 errors, 1 left on base; Biloxi 3 - San Jose 5 |
TOP OF THE 6TH |
Biloxi Shuckers batting - Pitching for San Jose Giants : RHP Evan Boy
|
Batting: LHB Mike Staley
|
0-0: Called Strike 0-1: TRIPLE (Line Drive, 9LD, EV 103.1 MPH)
|
Batting: SHB Jamel Wright
|
0-0: Ball 1-0: Fly out, F8 (Flyball, 8RD, EV 90.0 MPH) Runner from 3rd tags up, SCORES, no throw by CF
|
Batting: RHB Joe LaDue
|
0-0: Ball 1-0: DOUBLE (Flyball, 78XD, EV 105.0 MPH)
|
Batting: RHB Eddie McCoy
|
0-0: Ball 1-0: Foul Ball, location: 2F 1-1: Ball Wild Pitch! Joe LaDue to third 2-1: Foul Ball, location: 2F 2-2: DOUBLE (Line Drive, 3D, EV 97.5 MPH) Joe LaDue scores
|
Pitching: RHP Rich Benoit
|
|
Batting: RHB Tim Lively
|
0-0: Called Strike 0-1: Ground out 5-3 (Groundball, 56S, EV 81.9 MPH)
|
Batting: RHB Nick Spiller
|
0-0: Called Strike 0-1: Ball 1-1: Ground out 6-3 (Groundball, 6, EV 86.3 MPH)
|
Top of the 6th over - 2 runs, 3 hits, 0 errors, 1 left on base; Biloxi 5 - San Jose 5 |
BOTTOM OF THE 6TH |
San Jose Giants batting - Pitching for Biloxi Shuckers : RHP Nick Garland
|
Batting: RHB Mike Jones
|
0-0: Foul Ball, location: 2F 0-1: Ball 1-1: Ball 2-1: Ball 3-1: Foul Ball, location: 2F 3-2: Foul Ball, location: 2F 3-2: Foul Ball, location: 2F 3-2: Foul Ball, location: 2F 3-2: Foul Ball, location: 2F 3-2: Strikes out swinging
|
Batting: LHB Carey Horncole
|
0-0: Called Strike 0-1: Swinging Strike 0-2: Ball 1-2: Ground out 1-3 (Groundball, 15, EV 61.9 MPH)
|
Batting: RHB Yutaka Oki
|
0-0: Ball 1-0: Fly out, F5 (Flyball, 5D, EV 85.6 MPH)
|
Bottom of the 6th over - 0 runs, 0 hits, 0 errors, 0 left on base; Biloxi 5 - San Jose 5 |
TOP OF THE 7TH |
Biloxi Shuckers batting - Pitching for San Jose Giants : RHP Rich Benoit
|
Batting: RHB Eric Sullivan
|
0-0: Ball 1-0: Called Strike 1-1: Ground out 4-3 (Groundball, 4, EV 84.4 MPH)
|
Batting: RHB Jamie Youngs
|
0-0: Ball 1-0: Called Strike 1-1: Foul Ball, location: 2F 1-2: Ball 2-2: Foul Ball, location: 2F 2-2: Fly out, F8 (Flyball, 8RXD, EV 88.1 MPH)
|
Batting: RHB Akitada Nishizawa
|
0-0: Ball 1-0: Called Strike 1-1: Ball 2-1: Swinging Strike 2-2: Ball 3-2: Base on Balls
|
Batting: LHB Mike Staley
|
0-0: Ball 1-0: Called Strike 1-1: Ball 2-1: Ball Akitada Nishizawa steals 2nd base (no throw) 3-1: Ground out 6-3 (Groundball, 6, EV 95.0 MPH)
|
Top of the 7th over - 0 runs, 0 hits, 0 errors, 1 left on base; Biloxi 5 - San Jose 5 |
BOTTOM OF THE 7TH |
San Jose Giants batting - Pitching for Biloxi Shuckers : RHP Nick Garland
|
Pitching: LHP Nate Tate
|
|
Batting: LHB Tony Galvan
|
0-0: Ball 1-0: Ball 2-0: Ball 3-0: Called Strike 3-1: Foul Ball, location: 2F 3-2: Foul Ball, location: 2F 3-2: Foul Ball, location: 2F 3-2: SINGLE (Groundball, 6MD, EV 97.5 MPH) (infield hit)
|
Batting: LHB Fred Arends
|
0-0: Called Strike 0-1: Ball Tony Galvan is caught stealing 2nd base 2-6 1-1: Hit by Pitch
|
Batting: RHB John Shaffer
|
0-0: Ball 1-0: Foul Ball, location: 2F 1-1: Ball 2-1: Foul Ball, location: 2F 2-2: Ball 3-2: Ground out 6-3 (Groundball, 6M, EV 82.5 MPH) Fred Arends to second
|
Batting: LHB Terry Ebersole
|
0-0: Ball 1-0: Foul Ball, location: 2F 1-1: Ground out 6-3 (Groundball, 56, EV 83.8 MPH)
|
Bottom of the 7th over - 0 runs, 1 hit, 0 errors, 1 left on base; Biloxi 5 - San Jose 5 |
TOP OF THE 8TH |
Biloxi Shuckers batting - Pitching for San Jose Giants : RHP Rich Benoit
|
Batting: SHB Jamel Wright
|
0-0: Called Strike 0-1: Ball 1-1: Ground out 6-3 (Groundball, 6D, EV 102.5 MPH)
|
Batting: RHB Joe LaDue
|
0-0: Called Strike 0-1: Foul Ball, location: 2F 0-2: Strikes out swinging
|
Batting: RHB Eddie McCoy
|
0-0: Foul Ball, location: 2F 0-1: Swinging Strike 0-2: Ball 1-2: Ball 2-2: SINGLE (Groundball, 6M, EV 93.8 MPH) (infield hit)
|
Batting: RHB Tim Lively
|
0-0: Ball 1-0: Ball 2-0: Called Strike 2-1: Fly out, F9 (Flyball, 9S, EV 78.8 MPH)
|
Top of the 8th over - 0 runs, 1 hit, 0 errors, 1 left on base; Biloxi 5 - San Jose 5 |
BOTTOM OF THE 8TH |
San Jose Giants batting - Pitching for Biloxi Shuckers : LHP Nate Tate
|
Batting: RHB Jonathan Reece
|
0-0: Ball 1-0: Ball 2-0: Foul Ball, location: 2F 2-1: SINGLE (Groundball, 13S, EV 63.1 MPH) (infield hit)
|
Batting: RHB Jack Toole
|
0-0: Ball 1-0: Called Strike Jonathan Reece steals 2nd base 1-1: Ball 2-1: Bunt - Flyout to 13S! F1
|
Batting: RHB Mike Jones
|
0-0: Called Strike 0-1: Ground out 3-1 (Groundball, 34, EV 110.0 MPH) Jonathan Reece to third
|
Batting: LHB Carey Horncole
|
0-0: Ball 1-0: Called Strike 1-1: Ball 2-1: Foul Ball, location: 2F 2-2: Ball 3-2: Foul Ball, location: 2F 3-2: Strikes out swinging
|
Bottom of the 8th over - 0 runs, 1 hit, 0 errors, 1 left on base; Biloxi 5 - San Jose 5 |
TOP OF THE 9TH |
Biloxi Shuckers batting - Pitching for San Jose Giants : RHP Rich Benoit
|
Pitching: LHP Tommy McCusker
|
|
Batting: RHB Nick Spiller
|
0-0: Swinging Strike 0-1: Ball 1-1: Swinging Strike 1-2: Ball 2-2: Ground out 5-3 (Groundball, 56, EV 88.8 MPH)
|
Batting: RHB Eric Sullivan
|
0-0: Ball 1-0: Ball 2-0: Ball 3-0: Called Strike 3-1: Foul Ball, location: 2F 3-2: Fly out, F9 (Flyball, 9LM, EV 83.1 MPH)
|
Batting: RHB Jamie Youngs
|
0-0: Called Strike 0-1: Foul Ball, location: 2F 0-2: Strikes out looking
|
Top of the 9th over - 0 runs, 0 hits, 0 errors, 0 left on base; Biloxi 5 - San Jose 5 |
BOTTOM OF THE 9TH |
San Jose Giants batting - Pitching for Biloxi Shuckers : LHP Nate Tate
|
Pitching: RHP Mike Ellinwood
|
|
Batting: RHB Yutaka Oki
|
0-0: Ball 1-0: Called Strike 1-1: Ball 2-1: Swinging Strike 2-2: SINGLE (Groundball, 56S, EV 67.5 MPH) (infield hit)
|
Batting: LHB Tony Galvan
|
0-0: Ball 1-0: Called Strike Yutaka Oki steals 2nd, throwing error, E2 Yutaka Oki to third 1-1: Foul Ball, location: 2F 1-2: Ball 2-2: Ball 3-2: SINGLE (Groundball, 3, EV 100.6 MPH) (infield hit) Yutaka Oki scores
|
Bottom of the 9th over - 1 run, 2 hits, 1 error, 0 left on base; Biloxi 5 - San Jose 6 |
|
Game Over ... San Jose defeats Biloxi, 6 to 5
|
|
|